Map: At Eternity's Edge LE

Players

Priv - Winner!

  • Race: Terran Terran

Freiya

  • Race: Protoss Protoss

VOD

Have the link to the VOD?

Description

Time

  • Played on: Sept. 20, 2026, 5:13 a.m.
  • Length: 14:19
Show
View Real Time Build Order
Export as new Build Order

Priv Terran - Winner!

Build Orders:  

Get SALT Encoding   

  8  0:00  SCV  
  9  0:12  SCV  
  10  0:25  SCV  
  11  0:31  Supply Depot  
  11  0:40  SCV  
  12  0:53  Supply Depot  
  12  0:57  SCV  
  13  1:08  Barracks  
  13  1:15  SCV  
  14  1:21  Refinery  
  14  1:32  Supply Depot  
  14  1:35  SCV  
  15  1:47  SCV  
  16  2:02  SCV  
  16  2:03  Engineering Bay  
  16  2:04  Marine  
  18  2:16  Orbital Command  
  18  2:42  Command Center  
  18  2:57  SCV  
  19  3:01  Refinery  
  19  3:02  Barracks Tech Lab  
  19  3:09  Factory  
  19  3:28  Stimpack  
  19  3:29  Marine  
  19  3:32  SCV  
  21  3:47  Marauder  
  23  3:57  SCV, Factory Tech Lab  
  24  4:08  SCV, Starport  
  24  4:09  SCV  
  26  4:16  Marine  
  27  4:21  SCV  
  28  4:28  Siege Tank  
  28  4:29  SCV  
  32  4:34  SCV  
  32  4:37  Refinery  
  33  4:39  Marine  
  33  4:44  Starport Tech Lab  
  34  4:46  SCV  
  34  4:50  SCV  
  36  4:57  Marauder  
  36  4:58  SCV  
  36  4:59  Supply Depot  
  39  5:02  SCV  
  40  5:08  Concussive Shells  
  34  5:23  Planetary Fortress  
  28  5:43  Marine  
  28  5:44  Siege Tank  
  31  6:01  Marauder  
  33  6:12  SCV  
  33  6:17  Siege Tank  
  37  6:22  Marine  
  37  6:24  SCV  
  35  6:41  Marauder  
  37  6:51  Siege Tank  
  40  7:00  SCV  
  41  7:12  SCV  
  42  7:24  SCV  
  42  7:27  Command Center  
  41  7:35  Marine  
  41  7:36  SCV  
  42  7:49  Siege Tank  
  45  7:53  Marauder  
  45  7:58  Barracks  
  45  8:11  SCV  
  46  8:14  SCV, Marine  
  48  8:20  Medivac  
  48  8:21  Siege Tank  
  48  8:23  SCV  
  54  8:27  Command Center  
  54  8:33  Marauder  
  56  8:35  SCV  
  57  8:46  Barracks Tech Lab  
  57  8:47  Refinery  
  57  8:48  SCV  
  58  8:59  Supply Depot x2  
  58  9:01  Supply Depot  
  58  9:20  Marine, Liberator, SCV  
  58  9:23  Siege Tank  
  66  9:26  Marine  
  67  9:33  SCV  
  67  9:37  Supply Depot  
  67  9:38  Marine  
  68  9:44  Orbital Command  
  68  9:45  Marauder, SCV  
  72  9:56  Widow Mine  
  72  9:57  SCV  
  75  10:03  Refinery, Medivac  
  77  10:08  Combat Shield  
  77  10:09  SCV  
  78  10:18  Siege Tank  
  78  10:20  Terran Infantry Weapons Level 1  
  81  10:27  Armory  
  81  10:33  Banshee  
  81  10:35  Supply Depot  
  84  10:45  SCV  
  85  11:08  Command Center  
  85  11:10  Siege Tank  
  88  11:14  Factory  
  88  11:16  Medivac  
  90  11:26  SCV  
  91  11:33  Marine  
  91  11:34  Marauder  
  91  11:39  SCV  
  95  11:42  Siege Tank  
  98  11:51  SCV, Marine  
  100  11:55  Marauder  
  102  12:03  SCV  
  103  12:09  Marine  
  103  12:14  Terran Infantry Armor Level 1  
  101  12:16  Marine  
  102  12:26  Marine  
  100  12:45  Siege Tank  
  100  12:48  Factory  
  103  12:51  Factory Tech Lab  
  100  12:59  Marine  
  100  13:00  Marauder  
  98  13:17  Marine, Siege Tank  
  102  13:21  Marauder  
  103  13:35  Marine  
  103  13:37  Factory Tech Lab  
  104  13:43  Marauder  
  104  13:53  Marine  
  108  13:58  SCV  
Show
View Real Time Build Order
Export as new Build Order

Freiya Protoss 

Build Orders:  

Get SALT Encoding   

  8  0:00  Probe (Chrono Boost)  
  9  0:11  Probe (Chrono Boost)  
  10  0:18  Probe  
  11  0:30  Probe  
  11  0:34  Pylon  
  12  0:42  Probe  
  13  0:53  Gateway  
  13  1:08  Probe  
  14  1:14  Assimilator  
  14  1:20  Probe  
  15  1:32  Probe  
  16  1:35  Pylon  
  16  1:41  Cybernetics Core  
  16  1:44  Probe  
  17  1:56  Probe  
  18  2:08  Probe  
  19  2:29  Pylon  
  19  2:40  Warp Gate (Chrono Boost)  
  19  2:42  Pylon  
  19  2:59  Stalker  
  19  3:02  Probe  
  22  3:08  Assimilator  
  21  3:26  Stalker  
  23  3:32  Probe  
  24  3:37  Gateway  
  24  3:39  Gateway  
  24  3:40  Gateway  
  24  4:03  Pylon  
  24  4:09  Sentry  
  26  4:31  Zealot  
  26  4:32  Zealot  
  26  4:33  Stalker  
  32  4:46  Zealot  
  34  4:54  Zealot  
  34  4:55  Stalker x2  
  40  5:51  Adept  
  40  5:52  Adept  
  44  5:58  Pylon  
  44  6:00  Pylon  
  40  6:04  Adept  
  40  6:05  Adept  
  24  6:38  Zealot  
  24  6:39  Zealot  
  24  6:40  Zealot x2  
  28  6:50  Robotics Facility  
  28  6:57  Twilight Council  
  20  7:18  Stalker x2  
  20  7:20  Zealot x2  
  24  7:44  Adept  
  24  7:45  Adept  
  24  7:46  Adept  
  24  8:48  Immortal  
  24  8:51  Nexus  
  24  8:54  Charge  
  24  8:59  Assimilator  
  24  9:09  Assimilator  
  24  9:11  Assimilator  
  24  9:23  Pylon  
  24  9:26  Pylon  
  24  9:36  Forge  
  24  9:41  Forge  
  24  9:44  Forge  
  24  10:04  Probe (Chrono Boost)  
  26  10:16  Probe (Chrono Boost)  
  26  10:21  Probe (Chrono Boost), Photon Cannon  
  26  10:25  Robotics Facility  
  26  10:28  Pylon  
  27  10:29  Protoss Ground Weapons Level 1 (Chrono Boost)  
  27  10:30  Protoss Ground Armor Level 1 (Chrono Boost)  
  27  10:31  Probe  
  27  10:34  Protoss Shields Level 1 (Chrono Boost)  
  28  10:43  Probe  
  28  10:46  Pylon  
  29  10:55  Pylon  
  29  10:57  Pylon  
  29  11:05  Pylon  
  29  11:12  Robotics Facility  
  29  11:21  Probe (Chrono Boost)  
  29  11:23  Robotics Bay  
  31  11:33  Probe (Chrono Boost)  
  31  11:39  Probe (Chrono Boost), Photon Cannon  
  32  11:41  Photon Cannon  
  32  11:47  Stargate, Probe  
  33  11:57  Pylon  
  33  11:59  Probe  
  33  12:16  Stalker x2  
  33  12:17  Stalker x2  
  33  12:20  Colossus  
  29  12:38  Zealot  
  29  12:39  Zealot x2  
  24  12:53  Stalker  
  22  13:10  Zealot x2  
  22  13:34  Zealot x2  
  20  13:51  Zealot  
  20  13:57  Zealot  
Tags
 
Add a new tag
Caveats
  • Supply blocks, unpowered buildings, or Contaminate may cause inaccurate times.
  • Supply counts are checked every 10 seconds.